 Dungeon Crawl Stone Soup version 0.23.2 (webtiles) character file.

Game seed: 10868986787571696906

1760 wittewijn the Cleaver (level 8, -5/71 HPs)
             Began as a Minotaur Berserker on Apr 9, 2019.
             Was a Priest of Trog.
             Slain by Harold
             ... wielding a +1 dire flail of crushing
              (22 damage)
             ... on level 7 of the Dungeon.
             The game lasted 00:10:26 (6436 turns).

wittewijn the Cleaver (Minotaur Berserker)          Turns: 6436, Time: 00:10:26

Health: -5/71      AC:  9    Str: 23    XL:     8   Next: 79%
Magic:  7/7        EV: 13    Int:  4    God:    Trog [***...]
Gold:   245        SH:  0    Dex: 11    Spells: 7/7 levels left

rFire    + . .     SeeInvis +   a - +0 hand axe
rCold    + . .     Gourm    .   (no shield)
rNeg     . . .     Faith    .   t - +0 ring mail
rPois    .         Spirit   .   (helmet restricted)
rElec    .         Reflect  .   q - scarf {rC+ rF+}
rCorr    .         Harm     .   (no gloves)
MR       .....                  d - +0 pair of boots
Stlth    +.........             (no amulet)
HPRegen  0.21/turn              (no ring)
MPRegen  0.10/turn              (no ring)

@: no status effects
A: retaliatory headbutt, horns 2, slimy green scales 1, see invisible
a: Berserk, Trog's Hand, Renounce Religion


You were on level 7 of the Dungeon.
You worshipped Trog.
Trog was most pleased with you.
You were not hungry.

You visited 2 branches of the dungeon, and saw 8 of its levels.

You collected 245 gold pieces.

Inventory:

Hand Weapons
 a - a +0 hand axe (weapon)
Armour
 b - a +0 animal skin
 d - a +0 pair of boots (worn)
 q - a scarf of resistance (worn)
 t - a +0 ring mail (worn)
Jewellery
 i - a cursed ring of attention
 n - an uncursed ring of wizardry
 o - an uncursed ring of flight
Scrolls
 e - a scroll of holy word {unknown}
 h - 2 scrolls of remove curse
 j - a scroll of immolation
Potions
 g - 2 potions of curing
 k - a potion of flight
 v - a potion of ambrosia {unknown}
Comestibles
 c - 6 rations


   Skills:
 + Level 6.8 Fighting
 + Level 9.4 Axes
 + Level 6.6 Armour
 + Level 5.2 Dodging
 + Level 1.9 Stealth


You had 7 spell levels left.
You didn't know any spells.
Your spell library was empty.

Dungeon Overview and Level Annotations

Branches:
Dungeon (7/15)             Temple (1/1) D:5

Altars:
Dithmenos
Fedhas
Ru
Wu Jian

Annotations:
D:7 Harold


Innate Abilities, Weirdness & Mutations

You reflexively headbutt those who attack you in melee.
You have a pair of horns on your head.
You are partially covered in slimy green scales. (AC +2)
You have supernaturally acute eyesight. (SInv)


Message History

You barely miss Harold.
Harold is lightly wounded.
You hit the warg but do no damage.
Harold hits you with a +1 dire flail of crushing.
The warg barely misses you.
You completely miss Harold. You headbutt Harold.
Harold is moderately wounded.
You hit the warg.
Harold hits you with a +1 dire flail of crushing!
The warg misses you. You furiously retaliate!
You headbutt the warg! You hit Harold but do no damage.
Harold is moderately wounded.
You closely miss the warg. The warg bites you but does no damage.
Harold hits you with a +1 dire flail of crushing!
You hit Harold but do no damage.
Harold is moderately wounded.
You hit the warg but do no damage. The warg bites you!
* * * LOW HITPOINT WARNING * * *
Harold hits you with a +1 dire flail of crushing!!
You die...

....#.### ...>.....
..## .......c@. ....
(<......... ...#
..h......... #..
.............###..
......... #......##
#. ##...h...
#.....@.# ###...
#......
#....h@.##......
...y................#
)...........#.#<.#..#
...##.######...
........ #. . ....
....... # ..
....##...... .#
.....#.....# ..
...........#
....).......


You could see Harold and a warg.

Vanquished Creatures
  Pikel (D:7)
  3 wargs
  2 black bears (D:7)
  An ice beast (D:6)
  A centaur (D:7)
  A bullfrog (D:7)
  A killer bee (D:6)
  2 crimson imps (D:5)
  2 hounds
  2 orc priests
  An orc wizard (D:3)
  3 worker ants
  A hound skeleton (D:6)
  3 gnolls (D:4)
  A howler monkey zombie (D:5)
  8 adders
  A shadow imp (D:7)
  2 worms (D:2)
  2 dart slugs (D:3)
  5 leopard geckos
  11 orcs
  8 bats
  3 giant cockroaches
  6 goblins
  9 hobgoblins
  A jackal (D:3)
  4 quokkas
  2 ball pythons
  5 frilled lizards
  2 kobolds
  A quokka skeleton (D:4)
  4 rats
99 creatures vanquished.

Vanquished Creatures (others)
  3 slaves (D:7)
  A bullfrog (D:7)
4 creatures vanquished.

Grand Total: 103 creatures vanquished

Notes
Turn   | Place    | Note
-------+----------+-------------------------------------------
     0 | D:1      | wittewijn the Minotaur Berserker began the quest for the
                  | Orb.
     0 | D:1      | Reached XP level 1. HP: 19/19 MP: 0/0
   193 | D:1      | Reached skill level 4 in Axes
   193 | D:1      | Reached XP level 2. HP: 27/27 MP: 1/1
   754 | D:2      | Reached XP level 3. HP: 17/33 MP: 2/2
  1922 | D:2      | Reached ** piety under Trog
  2236 | D:2      | Reached XP level 4. HP: 41/41 MP: 3/3
  3092 | D:3      | Reached skill level 5 in Axes
  3095 | D:3      | Reached XP level 5. HP: 16/47 MP: 4/4
  3904 | D:4      | Reached skill level 5 in Fighting
  3985 | D:5      | Entered Level 5 of the Dungeon
  4197 | D:5      | Reached skill level 1 in Stealth
  4197 | D:5      | Reached XP level 6. HP: 56/56 MP: 5/5
  4350 | D:5      | Reached skill level 6 in Axes
  4468 | D:5      | Found a staircase to the Ecumenical Temple.
  4479 | Temple   | Entered the Ecumenical Temple
  5116 | D:6      | Noticed an ice beast
  5123 | D:6      | Killed an ice beast
  5375 | D:7      | Noticed Harold
  5379 | D:6      | Reached *** piety under Trog
  5379 | D:6      | Reached XP level 7. HP: 51/61 MP: 6/6
  5505 | D:7      | Reached skill level 7 in Axes
  5774 | D:7      | Reached skill level 8 in Axes
  5819 | D:7      | Reached XP level 8. HP: 7/70 MP: 7/7
  5890 | D:7      | HP: 3/70 [/a scroll of torment (1)]
  5890 | D:7      | HP: 1/70 [warg (3)]
  5894 | D:7      | Gained mutation: You are partially covered in slimy green
                  | scales. (AC +2) [potion of mutation]
  5894 | D:7      | Gained mutation: You have supernaturally acute eyesight.
                  | (SInv) [potion of mutation]
  5898 | D:7      | Reached skill level 5 in Armour
  5915 | D:7      | Noticed Pikel
  5925 | D:7      | HP: 3/70 [slave[Pikel] (5)]
  5926 | D:7      | Killed Pikel
  5926 | D:7      | Reached skill level 9 in Axes
  5926 | D:7      | Reached skill level 5 in Dodging
  6436 | D:7      | Slain by Harold

Skill      XL: |  1  2  3  4  5  6  7  8 |
---------------+-------------------------+-----
Axes           | 4 5 6 8 9 |  9.4
Fighting       | 4 5 6 |  6.8
Armour         | 3 4 6 |  6.6
Dodging        | 3 4 5 |  5.2
Stealth        | 1 |  1.9

Action                   |  1- 3 |  4- 6 |  7- 9 || total
-------------------------+-------+-------+-------++-------
Melee: Hand axe          |    77 |   125 |    72 ||   274
       Headbutt          |    11 |    27 |    10 ||    48
  Use: Scroll            |       |     3 |     7 ||    10
       Potion            |       |       |     7 ||     7
  Eat: Ration            |     1 |     3 |       ||     4
       Chunk             |       |     5 |       ||     5
Armor: Animal skin       |    20 |    14 |       ||    34
       Ring mail         |       |     5 |    35 ||    40
Dodge: Dodged            |    51 |    89 |    75 ||   215
